Map: [ESL] Tropical Sacrifice

Players

Harstem

  • Race: Protoss Protoss
  • Spawn Location: 7:00

MeomaikA - Winner!

  • Race: Zerg Zerg
  • Spawn Location: 1:00

Event: DreamHack SC2 Masters 2022 Valencia

VOD

Have the link to the VOD?

Description

Time

  • Played on: July 1, 2022, 12:59 p.m.
  • Length: 11:59

All games in this series

Show
View Real Time Build Order
Export as new Build Order

Harstem Protoss 

Build Orders: 1 Gate Expand, Oracle Opening 

Get SALT Encoding   

  12  0:00  Probe  
  13  0:12  Probe  
  14  0:19  Pylon  
  14  0:24  Probe (Chrono Boost)  
  15  0:37  Probe (Chrono Boost)  
  15  0:39  Gateway  
  16  0:45  Probe (Chrono Boost)  
  17  0:50  Assimilator  
  17  0:52  Probe  
  18  1:04  Probe  
  19  1:16  Probe  
  20  1:33  Nexus  
  20  1:39  Cybernetics Core  
  20  1:42  Probe  
  21  1:48  Assimilator  
  22  1:54  Probe  
  22  2:00  Pylon  
  22  2:06  Probe  
  23  2:16  Adept (Chrono Boost)  
  23  2:18  Probe  
  26  2:27  Stargate  
  26  2:30  Probe  
  26  2:34  Warp Gate  
  26  2:36  Adept (Chrono Boost)  
  29  2:44  Probe  
  29  2:45  Probe  
  31  2:56  Probe  
  31  2:58  Probe, Adept  
  35  3:07  Oracle (Chrono Boost)  
  35  3:09  Probe  
  39  3:14  Probe  
  39  3:19  Pylon  
  40  3:22  Probe  
  41  3:31  Probe  
  41  3:34  Probe  
  43  3:37  Oracle (Chrono Boost)  
  44  3:43  Probe  
  44  3:45  Gateway  
  44  3:46  Probe  
  46  3:55  Probe  
  47  3:59  Probe  
  48  4:04  Pylon  
  48  4:07  Probe  
  48  4:09  Shield Battery  
  47  4:11  Probe  
  47  4:13  Nexus  
  48  4:17  Robotics Facility  
  48  4:21  Probe  
  48  4:23  Adept  
  51  4:29  Probe  
  52  4:33  Probe  
  53  4:39  Assimilator  
  53  4:40  Adept  
  53  4:41  Probe  
  53  4:43  Assimilator  
  57  4:45  Probe  
  57  4:46  Adept  
  57  4:52  Shield Battery  
  57  4:53  Probe  
  57  4:57  Probe  
  59  5:01  Adept  
  59  5:02  Shield Battery  
  59  5:04  Shield Battery  
  62  5:13  Pylon  
  61  5:18  Pylon, Shield Battery  
  61  5:21  Immortal (Chrono Boost), Shield Battery  
  60  5:23  Stalker, Probe  
  60  5:25  Probe  
  66  5:30  Probe  
  66  5:31  Stalker  
  66  5:35  Probe  
  67  5:38  Probe  
  65  5:42  Shield Battery  
  65  5:46  Shield Battery  
  65  5:47  Adept  
  67  5:55  Adept  
  69  6:00  Probe x2  
  69  6:02  Probe  
  71  6:08  Zealot  
  59  6:12  Probe  
  59  6:13  Probe  
  59  6:17  Adept  
  56  6:24  Probe  
  56  6:28  Probe  
  56  6:29  Adept  
  58  6:39  Adept  
  55  6:50  Zealot  
  55  6:55  Probe, Shield Battery  
  55  6:57  Probe  
  55  7:01  Immortal (Chrono Boost)  
  60  7:09  Zealot  
  60  7:12  Shield Battery  
  61  7:16  Adept  
  61  7:17  Probe  
  61  7:22  Probe  
  62  7:25  Probe  
  61  7:31  Adept  
  61  7:32  Probe (Chrono Boost)  
  63  7:37  Probe (Chrono Boost)  
  63  7:41  Zealot  
  66  7:45  Probe (Chrono Boost)  
  66  7:50  Probe (Chrono Boost)  
  66  7:51  Adept, Probe (Chrono Boost)  
  64  7:54  Probe  
  67  8:02  Adept  
  69  8:10  Probe  
  70  8:13  Zealot  
  70  8:15  Probe  
  73  8:23  Pylon  
  73  8:26  Pylon  
  72  8:28  Pylon  
  72  8:29  Gateway  
  72  8:30  Pylon  
  64  8:42  Zealot  
  64  8:43  Zealot  
  64  8:45  Probe  
  64  8:47  Pylon  
  72  8:55  Immortal  
  72  9:01  Probe  
  73  9:02  Adept  
  73  9:03  Adept  
  74  9:11  Probe  
  75  9:23  Probe  
  71  9:24  Zealot x3  
  71  9:27  Probe  
  71  9:29  Probe  
  68  9:37  Probe  
  65  9:40  Probe  
  68  9:50  Zealot x2  
  68  9:52  Probe (Chrono Boost)  
  74  9:56  Probe (Chrono Boost)  
  74  9:58  Warp Prism  
  74  9:59  Zealot  
  74  10:02  Probe (Chrono Boost)  
  74  10:03  Probe (Chrono Boost)  
  74  10:05  Probe (Chrono Boost)  
  73  10:07  Stalker  
  73  10:08  Probe  
  73  10:11  Zealot  
  73  10:12  Probe  
  74  10:21  Zealot  
  73  10:28  Probe  
  66  10:30  Probe  
  66  10:31  Shield Battery  
  66  10:32  Stalker x2  
Show
View Real Time Build Order
Export as new Build Order

MeomaikA Zerg - Winner!

Build Orders: Hatch First 

Get SALT Encoding   

  12  0:00  Drone  
  13  0:08  Drone  
  14  0:17  Overlord  
  14  0:22  Extractor  
  14  0:24  Drone  
  15  0:35  Drone x2  
  17  0:43  Drone  
  18  0:59  Hatchery  
  17  1:20  Drone x2  
  17  1:21  Spawning Pool  
  17  1:23  Drone  
  19  1:25  Extractor  
  18  1:33  Drone  
  19  1:41  Drone  
  20  1:52  Overlord  
  20  2:07  Queen  
  22  2:10  Drone, Queen  
  22  2:11  Drone  
  22  2:13  Drone  
  27  2:21  Drone  
  28  2:24  Drone  
  28  2:25  Metabolic Boost  
  29  2:32  Drone  
  29  2:35  Zergling x2  
  31  2:50  Drone x2  
  33  2:53  Hatchery  
  33  2:55  Drone  
  33  2:57  Overlord  
  33  3:04  Drone  
  34  3:10  Drone, Lair  
  34  3:12  Extractor  
  34  3:15  Drone  
  34  3:18  Zergling x6  
  38  3:20  Drone  
  38  3:24  Drone x2  
  41  3:28  Zergling x2  
  38  3:37  Drone  
  38  3:38  Drone  
  38  3:40  Spore Crawler  
  37  3:41  Spore Crawler  
  37  3:44  Drone  
  37  3:49  Drone  
  37  3:50  Drone x2  
  37  3:53  Zergling x2  
  40  4:04  Queen  
  41  4:11  Nydus Network  
  41  4:12  Zergling x4  
  41  4:13  Zergling x2  
  41  4:15  Zergling x2  
  43  4:17  Zergling x2  
  43  4:23  Zergling x6  
  47  4:25  Zergling x2  
  47  4:27  Zergling x2  
  47  4:28  Zergling x2  
  50  4:35  Overlord  
  50  4:40  Overlord  
  50  4:47  Nydus Canal  
  50  4:51  Queen  
  50  4:53  Queen  
  50  4:58  Zergling x8  
  50  4:59  Zergling x2  
  56  5:01  Zergling x2  
  56  5:08  Zergling x2  
  56  5:09  Zergling x6  
  56  5:10  Zergling x2  
  59  5:16  Zergling x4  
  59  5:17  Zergling x2  
  59  5:20  Zergling x4  
  64  5:22  Zergling x2  
  64  5:24  Zergling x2  
  64  5:29  Zergling x2  
  64  5:31  Drone  
  66  5:38  Drone  
  66  5:39  Drone  
  66  5:42  Drone x2  
  65  5:45  Queen  
  66  5:57  Zergling x2  
  66  6:01  Queen  
  66  6:03  Zergling x6  
  65  6:04  Zergling x4  
  65  6:06  Zergling x4  
  65  6:08  Zergling x2  
  64  6:13  Zergling x4  
  64  6:15  Queen  
  64  6:18  Zergling x2, Nydus Canal  
  62  6:23  Zergling x2  
  62  6:25  Zergling x2  
  64  6:31  Zergling x2  
  64  6:33  Zergling x2  
  64  6:36  Zergling x2  
  63  6:41  Zergling x2  
  63  6:43  Queen  
  63  6:44  Zergling x2  
  63  6:45  Overlord  
  65  6:49  Zergling x2  
  65  6:51  Overlord  
  65  6:52  Drone  
  65  6:58  Zergling x2  
  65  7:03  Queen x2, Zergling x2  
  65  7:04  Zergling x4  
  65  7:07  Zergling x2  
  69  7:09  Zergling x2  
  69  7:13  Zergling x2  
  69  7:14  Zergling x6  
  71  7:20  Zergling x4  
  72  7:24  Spire  
  72  7:25  Drone  
  72  7:29  Zergling x2  
  72  7:30  Zergling x2  
  72  7:34  Queen  
  75  7:37  Drone  
  75  7:39  Queen  
  76  7:44  Drone x2  
  76  7:48  Drone  
  76  7:49  Drone  
  74  8:02  Drone x3, Zergling x2  
  74  8:03  Zergling x2  
  74  8:04  Zergling x2  
  80  8:10  Zergling x4  
  80  8:11  Zergling x2  
  79  8:16  Zergling x2  
  79  8:18  Zergling x2  
  80  8:22  Zergling x4  
  80  8:23  Zergling x2  
  80  8:25  Zergling x2  
  81  8:28  Queen  
  81  8:33  Zergling x2  
  82  8:36  Zergling x2  
  82  8:37  Overlord  
  82  8:39  Extractor, Queen, Overlord  
  82  8:40  Queen  
  82  8:41  Extractor, Overlord, Zerg Flyer Weapons Level 1  
  82  8:44  Zergling x2  
  82  8:53  Zergling x2  
  82  8:57  Nydus Canal  
  82  8:58  Zergling x10  
  82  8:59  Drone x3  
  88  9:03  Extractor  
  83  9:15  Nydus Canal  
  78  9:25  Zergling x2  
  78  9:26  Zergling x2  
  78  9:28  Zergling x8  
  78  9:30  Zergling x4  
  81  9:35  Mutalisk x5  
  81  9:38  Mutalisk  
  89  9:40  Queen x2  
  89  9:42  Zergling x2  
  89  9:43  Zergling x2  
  87  9:46  Zergling x2  
  87  9:52  Zergling x4  
  89  9:59  Zergling x2  
  89  10:00  Zergling x4  
  89  10:01  Zergling x2  
  89  10:03  Zergling x2  
  89  10:06  Zergling x2  
  88  10:07  Zergling x2  
  88  10:08  Zergling x4  
  88  10:09  Zergling x2  
  88  10:10  Zergling x6  
  95  10:17  Zergling x4  
  95  10:20  Extractor, Zergling x2  
  94  10:25  Zergling x2  
  94  10:28  Zergling x2  
  94  10:31  Zergling x2  

Tags
 
Add a new tag
Caveats
  • Supply blocks, unpowered buildings, or Contaminate may cause inaccurate times.
  • Supply counts are checked every 10 seconds.